 Dungeon Crawl Stone Soup version 0.21.0-26-g889b8f6 (console) character file.

2559 hilaritas the Carver (level 9, -10/72 HPs)
             Began as a Demigod Fighter on Jan 16, 2018.
             Mangled by an orc warrior
             ... wielding a +0 dire flail
              (18 damage)
             ... on level 7 of the Dungeon on Jan 27, 2018.
             The game lasted 00:19:35 (7787 turns).

hilaritas the Carver (Demigod Fighter)              Turns: 7787, Time: 00:19:36

Health: -10/72     AC: 10    Str: 28    XL:     9   Next: 10%
Magic:  11/11      EV:  6    Int: 14    God:
Gold:   149        SH: 16    Dex: 12    Spells: 6/8 levels left

rFire    . . .     SeeInvis .   a - +0 long sword
rCold    . . .     Gourm    .   c - +1 shield
rNeg     + . .     Faith    .   g - +0 chain mail
rPois    +         Spirit   .   (no helmet)
rElec    .         Reflect  +   (no cloak)
rCorr    .         Harm     .   k - +0 pair of gloves
MR       .....                  (no boots)
Stlth    ..........             y - amulet "Gogeasm" {Reflect rN+ SH+4}
HPRegen  0.22/turn              v - ring "Adontos" {+Fly rPois Str+3 Int+2 Dex-3}
MPRegen  0.12/turn              (no ring)

@: no status effects
A: high mp 1
a: Evoke Flight


You were on level 7 of the Dungeon.
You were not hungry.

You visited 1 branch of the dungeon, and saw 7 of its levels.
You also visited: Sewer.

You collected 510 gold pieces.
You spent 361 gold pieces at shops.

Inventory:

Hand Weapons
 a - a +0 long sword (weapon)
 r - a +0 dagger
 s - a +0 falchion
Missiles
 d - 6 silver javelins (quivered)
Armour
 c - a +1 shield (worn)
 g - a +0 chain mail (worn)
 k - a +0 pair of gloves (worn)
Jewellery
 v - the ring "Adontos" (left hand) {+Fly rPois Str+3 Int+2 Dex-3}
   (You bought it in a shop on level 5 of the Dungeon)

   [ring of flight]

   It affects your strength (+3).
   It affects your intelligence (+2).
   It affects your dexterity (-3).
   It protects you from poison.
   It lets you fly.
 y - the amulet "Gogeasm" (around neck) {Reflect rN+ SH+4}
   (You found it on level 6 of the Dungeon)

   [amulet of reflection]

   It shields you and reflects attacks.
   It protects you from negative energy.
   It affects your SH (+4).
Wands
 m - a wand of iceblast (11)
 q - a wand of flame (32)
 u - a wand of acid (8)
Scrolls
 e - 2 scrolls of enchant armour
 h - 2 scrolls of identify
 j - a scroll of remove curse
 o - a scroll of amnesia
 w - 3 scrolls of teleportation
Potions
 b - 4 potions of magic
 i - 5 potions of curing
 l - 2 potions of heal wounds
 n - 2 potions of flight
 p - 3 potions of brilliance
 t - a potion of resistance
 z - a potion of invisibility
Comestibles
 f - 8 rations


   Skills:
 + Level 4.6 Fighting
 * Level 9.6 Long Blades
 - Level 2.6 Armour
 + Level 6.2 Shields


You had 6 spell levels left.
You knew the following spells:

 Your Spells              Type           Power        Failure   Level  Hunger
a - Blink                 Tloc           N/A          100%        2    ###....


Dungeon Overview and Level Annotations

Branches:
Dungeon (7/15)             Temple (0/1) D:6

Shops:
D:4 (   D:5 *=


Innate Abilities, Weirdness & Mutations

You have an increased reservoir of magic. (+10% MP)


Message History

The orc wizard blinks!
The orc warrior barely misses you.
You hit the orc warrior but do no damage.
The orc warrior is moderately wounded.
The orc warrior barely misses you.
You hit the orc warrior but do no damage.
The orc warrior is moderately wounded.
You block the orc warrior's attack. You block the orc wizard's attack.
You closely miss the orc warrior.
The orc warrior is moderately wounded.
You block the orc warrior's attack.
The orc wizard hits you but does no damage.
The orc warrior hits you with a dire flail!
* * * LOW HITPOINT WARNING * * *
Unknown command.
You slash the orc warrior!
The orc warrior is severely wounded.
You feel yourself speed up. You block the orc wizard's attack.
The orc warrior hits you with a dire flail!!
You die...

#####.......# ....
#>..........# ....
#.#####..######.....
#..##...#.....
#..##.........
#.............
##............
##.###.##.....
#...##.# ..##
#.#o##.# .# ..#@o).#
# .#####..# #.
#...## .o.....
#.#.#.#.# ....o.. ..
⌠o.... ... ... _..
... O⌠..... ....


You could see an orc warrior and an orc wizard.

Vanquished Creatures
  Pikel (D:4)
  The ghost of nikopol the Shield-Bearer, a novice GrFi of Okawaru (D:5)
  Grinder (D:5)
  4 ogres
  2 big kobolds
  2 bullfrogs
  Blork the orc (D:4)
  A howler monkey (D:6)
  2 crimson imps
  A bullfrog zombie (D:7)
  A hound (D:4)
  A jelly (D:5)
  A gnoll shaman (D:6)
  A centaur skeleton (D:4)
  3 orc priests
  4 orc wizards
  A bullfrog skeleton (D:5)
  5 worker ants
  A hound skeleton (D:6)
  A worker ant zombie (D:6)
  7 gnolls (D:3)
  9 adders
  2 river rats
  A shadow imp (D:6)
  An ooze (Sewer)
  An adder skeleton (D:4)
  A worm (D:4)
  2 dart slugs
  4 leopard geckos
  9 orcs
  3 ball pythons
  6 giant cockroaches
  32 goblins
  26 hobgoblins
  7 jackals
  4 quokkas
  7 bats
  5 frilled lizards
  A giant cockroach zombie (D:6)
  2 jackal skeletons
  24 kobolds
  A quokka skeleton (D:5)
  34 rats
224 creatures vanquished.

Vanquished Creatures (collateral kills)
  3 gnolls (D:6)
3 creatures vanquished.

Grand Total: 227 creatures vanquished

Notes
Turn   | Place    | Note
-------+----------+-------------------------------------------
     0 | D:1      | hilaritas the Demigod Fighter began the quest for the Orb.
     0 | D:1      | Reached XP level 1. HP: 18/18 MP: 3/3
   223 | D:1      | Reached skill level 2 in Long Blades
   240 | D:1      | Upgraded the game from 0.21.0-3-g78d12a8 to 0.21.0-26-g889b8f6
   349 | D:1      | Reached XP level 2. HP: 25/25 MP: 4/4
  1120 | D:2      | Reached XP level 3. HP: 31/31 MP: 5/5
  1191 | D:2      | Reached skill level 3 in Long Blades
  1487 | D:2      | Found an opulent altar of Gozag.
  1846 | D:3      | Reached XP level 4. HP: 38/38 MP: 6/6
  1953 | D:3      | Found a glowing drain.
  1975 | Sewer    | Entered a sewer
  2515 | Sewer    | Reached skill level 4 in Long Blades
  2628 | Sewer    | Noticed a big kobold
  2642 | Sewer    | Killed a big kobold
  2642 | Sewer    | Reached XP level 5. HP: 33/45 MP: 7/7
  3355 | D:3      | Learned a level 2 spell: Blink
  3541 | D:3      | Reached skill level 5 in Long Blades
  3541 | D:3      | Reached XP level 6. HP: 23/51 MP: 8/8
  4303 | D:4      | Noticed Blork the orc
  4317 | D:4      | Killed Blork the orc
  4545 | D:4      | Reached skill level 6 in Long Blades
  4545 | D:4      | Reached XP level 7. HP: 53/57 MP: 9/9
  4584 | D:4      | Found Ratan's Antique Weapon Shop.
  5197 | D:4      | Noticed Pikel
  5225 | D:4      | Killed Pikel
  5225 | D:4      | Reached skill level 7 in Long Blades
  5225 | D:4      | Reached skill level 5 in Shields
  5537 | D:5      | Entered Level 5 of the Dungeon
  5537 | D:5      | Found Zin's Purification Station.
  5537 | D:5      | Found a glowing silver altar of Zin.
  5544 | D:5      | Noticed nikopol's ghost (novice GrFi)
  5562 | D:5      | Killed nikopol's ghost
  5562 | D:5      | Reached XP level 8. HP: 48/66 MP: 10/10
  5604 | D:5      | Noticed Grinder
  5627 | D:5      | Killed Grinder
  5627 | D:5      | Reached skill level 8 in Long Blades
  6040 | D:5      | Found Bysch's Jewellery Emporium.
  6052 | D:5      | Bought the ring "Adontos" {+Fly rPois Str+3 Int+2 Dex-3} for 361 gold pieces
  6784 | D:6      | Found a shimmering altar of Xom.
  7138 | D:6      | Reached skill level 9 in Long Blades
  7255 | D:6      | Found a staircase to the Ecumenical Temple.
  7457 | D:6      | Got a sparkling copper amulet
  7458 | D:6      | Identified the amulet "Gogeasm" {Reflect rN+ SH+4} (You found it on level 6 of the Dungeon)
  7709 | D:7      | Found a white marble altar of Elyvilon.
  7732 | D:7      | Reached XP level 9. HP: 72/72 MP: 11/11
  7775 | D:7      | HP: 2/72 [orc priest/divine providence (11)]
  7787 | D:7      | Mangled by an orc warrior

Skill      XL: |  1  2  3  4  5  6  7  8 |
---------------+-------------------------+-----
Long Blades    | 2 3 4 5 6 7 9 |  9.6
Shields        | 3 4 5 6 |  6.2
Fighting       | 3 4 |  4.6
Armour         | |  2.6

Action                   |  1- 3 |  4- 6 |  7- 9 || total
-------------------------+-------+-------+-------++-------
Melee: Long sword        |   167 |   355 |   289 ||   811
  Use: Scroll            |     5 |     8 |     5 ||    18
       Potion            |       |     2 |     4 ||     6
  Eat: Chunk             |     3 |    10 |     7 ||    20
       Ration            |       |       |     1 ||     1
Armor: Scale mail        |    33 |       |       ||    33
       Chain mail        |    39 |   199 |    92 ||   330
Dodge: Dodged            |    44 |    91 |    44 ||   179
Block: Shield            |    86 |   286 |   160 ||   532
       Rpst.: Long sword |    16 |    33 |    17 ||    66
